AoeStats
← timmywang50301

Arabia

509850693Analyzed
1v1 RM · 3d ago on Sep 28, 2026· 66m 33s· 2 players
Game mode
Random Map
Map size
Tiny (2 player)
Population
200
Speed
Normal
Resources
Standard
Victory
Conquest
Starting age
Dark Age
Ending age
Imperial Age
RankedLock teamsTeams togetherTeam positionsShared explorationLock speedFull tech treeHidden civsTurbo modeCheats
Victory
Defeat
🇫🇷 Maya · France
913
+17
🇹🇼 Inca · Taiwan
928
-17
Mouton paisible
7:27 Loom
10:56 Feudal Age
11:09 Man-at-Arms
12:35 Arson
14:15 Double-Bit Axe
15:15 Horse Collar
26:07 Castle Age
24:20 Forging
25:45 Scale Mail Armor
26:39 Wheelbarrow
26:10 Elite Skirmisher
26:16 Eagle Warrior
27:15 Chain Mail Armor
27:22 Fletching
28:40 Bodkin Arrow
29:37 Long Swordsman
33:44 Iron Casting
33:28 Crossbowman
37:29 Squires
38:47 Padded Archer Armor
39:55 Hand Cart
40:05 Leather Archer Armor
44:42 Thumb Ring
44:47 Gold Mining
50:15 Imperial Age
49:37 Stone Mining
50:11 Ballistics
50:23 Capped Ram
50:35 Two-Handed Swordsman
50:38 Arbalester
51:22 Bracer
52:24 Blast Furnace
51:43 Bow Saw
51:36 Heavy Plow
53:05 Plate Mail Armor
53:06 Ring Archer Armor
52:21 Siege Ram
54:46 Chemistry
57:57 Two-Man Saw
57:31 Crop Rotation
56:25 Elite Plumed Archer
59:04 Stone Shaft Mining
58:40 Elite Eagle Warrior
timmywang50301
10:41 Feudal Age
10:32 Loom
12:08 Double-Bit Axe
25:52 Castle Age
24:22 Fletching
24:33 Padded Archer Armor
27:31 Champi Runner
28:12 Squires
28:23 Bodkin Arrow
28:30 Scale Mail Armor
29:40 Forging
31:43 Champi Warrior
36:12 Bow Saw
38:31 Champi Warrior
39:28 Chain Mail Armor
40:16 Horse Collar
41:59 Arson
46:03 Heavy Plow
51:01 Imperial Age
50:05 Thumb Ring
51:43 Elite Champi Warrior
53:20 Plate Mail Armor
53:43 Conscription
54:30 Iron Casting
61:11 Gold Mining
62:58 Blast Furnace
61:59 Bracer
63:51 Gold Shaft Mining
Connection lost

Rejoining the realm…

Still unreachable

The connection could not be restored.

Session expired

The server has moved on; the page needs a fresh start.